 Dungeon Crawl Stone Soup version 0.28-a0-792-g75f770b44e (webtiles) character file.

Game seed: 153031541355821394

386 Avanven the Magician (level 7, 45/45 HPs)
             Began as a Djinni Ice Elementalist on Nov 3, 2021.
             Quit the game on level 4 of the Dungeon.
             The game lasted 00:13:51 (4244 turns).

Avanven the Magician (Djinni Ice Elementalist)      Turns: 4244, Time: 00:13:52

Health: 45/45      AC:  3    Str:  7    XL:     7   Next: 6%
Gold:   81         EV: 12    Int: 18    God:
                   SH:  0    Dex: 14

rFire   + + .      SeeInvis .   (no weapon)
rCold   x . .      Faith    .   (no shield)
rNeg    . . .      Spirit   .   a - +1 robe
rPois   ∞          Reflect  .   (no helmet)
rElec   .          Harm     .   (no cloak)
rCorr   .          Rampage  .   (no gloves)
Will    .....                   (boots unavailable)
Stlth   ++........              (no amulet)
HPRegen 0.15/turn               (no ring)
MPRegen 0.00/turn               (no ring)

@: flying
A: sickness immunity, fire resistance 2, cold vulnerability 1, float, innate
caster, hp casting, extra vitality 1
a: no special abilities


You were on level 4 of the Dungeon.
You visited 1 branch of the dungeon, and saw 4 of its levels.

You collected 81 gold pieces.

Inventory:

Hand Weapons
 f - a +2 hand axe of electrocution
Armour
 a - a +1 robe (worn)
 d - a +0 helmet
Scrolls
 e - 2 scrolls of enchant armour
 g - a scroll of amnesia
 h - a scroll of brand weapon
 j - a scroll of enchant weapon {unknown}
Potions
 b - a potion of mutation {unknown}
 c - 2 potions of attraction {unknown}
 i - a potion of might {unknown}
 k - a potion of heal wounds {unknown}


   Skills:
 - Level 2.1 Dodging
 - Level 1.5 Stealth
 * Level 6.1 Spellcasting


You had one spell level left.
You knew the following spells:

 Your Spells              Type           Power      Damage    Failure   Level
a - Freeze                Ice            100%       1d11      1%          1
b - Frozen Ramparts       Ice            54%        1d7       2%          3
c - Ozocubu's Armour      Ice            27%        N/A       2%          3
d - Hailstorm             Conj/Ice       27%        3d7       10%         4
e - Magic Dart            Conj           100%       1d8       1%          1
f - Static Discharge      Conj/Air       27%        N/A       1%          2
g - Inner Flame           Hex/Fire       27%        N/A       2%          3
Your spell library was empty.

Dungeon Overview and Level Annotations

Branches:
Dungeon (4/15)
 Temple: D:4-7

Altars:

Shops:
D:1 [


Innate Abilities, Weirdness & Mutations

You are immune to sickness and miasma.
You are immune to poison.
Your flesh is very heat resistant. (rF++)
You are vulnerable to cold. (rC-)
You float through the air rather than walking.
You learn spells naturally, not from books.
Your magical power is your life essence.
You have superior vitality. (+4 HP)


Message History

You don't know that spell.
Casting: Hailstorm (quite dangerous; 10% risk of failure)
Confirm with . or Enter, or press ? or * to list all spells.
The spell is quite dangerous to cast (10% risk of failure)!
Continue anyway?
Okay, then.
Casting: Hailstorm (quite dangerous; 10% risk of failure)
Confirm with . or Enter, or press ? or * to list all spells.
The spell is quite dangerous to cast (10% risk of failure)!
Continue anyway?
Uppercase [Y]es or [N]o only, please.
The spell is quite dangerous to cast (10% risk of failure)!
Continue anyway?
Casting: Hailstorm (quite dangerous; 10% risk of failure)
Press: ? - help, Dir - look around, f - activate A cannonade of hail descends around you!
The hail pelts the iguana.
The iguana is almost dead.
Casting: Hailstorm (quite dangerous; 10% risk of failure)
Confirm with . or Enter, or press ? or * to list all spells.
Aiming: Freeze (safe; 1% risk of failure)
Press: ? - help, Shift-Dir - straight line, f - iguana
Aim: an iguana (almost dead)
You freeze the iguana.
The iguana is almost dead.
The iguana seems to slow down.
The iguana barely misses you.
Casting: Freeze (safe; 1% risk of failure)
Confirm with . or Enter, or press ? or * to list all spells.
Aiming: Freeze (safe; 1% risk of failure)
Press: ? - help, Shift-Dir - straight line, f/p - iguana
Aim: an iguana (almost dead, slow)
You freeze the iguana!
You kill the iguana!
You have reached level 7!
The power to cast Inner Flame wells up from within.
Spell assigned to 'g'.
You see here an iguana corpse.
Casting: Freeze (safe; 1% risk of failure)
Confirm with . or Enter, or press ? or * to list all spells.
Okay, then.
You start resting.
HP restored.
Are you sure you want to abandon this character and quit the game? (Confirm with "yes".)

+# #. .# l.
.##.# ...
#########.#
##...@.....#
#..#########
#.######
#......#
######.#
#.### ###
#...## ...
###..###.#
#####<....#


There were no monsters in sight!

Vanquished Creatures
  Sigmund (D:3)
  A water moccasin skeleton (D:4)
  A hound (D:4)
  An iguana (D:4)
  2 adders (D:2)
  4 gnolls (D:3)
  3 worms
  2 dart slugs
  An orc (D:2)
  2 bats
  8 endoplasms
  4 giant cockroaches
  7 goblins
  4 hobgoblins
  2 kobolds
  A quokka (D:1)
  4 ball pythons
  6 frilled lizards
  6 rats
60 creatures vanquished.

Notes
Turn   | Place    | Note
-------+----------+-------------------------------------------
     0 | D:1      | Avanven the Djinni Ice Elementalist began the quest for the
                  | Orb.
     0 | D:1      | Reached XP level 1. HP: 15/15 MP: 0/0
   325 | D:1      | Found Umung's Armour Shop.
   336 | D:1      | Reached XP level 2. HP: 20/21 MP: 0/0
  1243 | D:1      | Reached XP level 3. HP: 19/25 MP: 0/0
  1243 | D:1      | Learned a level 1 spell: Magic Dart
  1625 | D:2      | Reached skill level 4 in Spellcasting
  1982 | D:2      | Reached XP level 4. HP: 27/31 MP: 0/0
  2411 | D:3      | Found a faded altar of an unknown god.
  2725 | D:3      | Noticed Sigmund
  3153 | D:3      | Killed Sigmund
  3154 | D:3      | Reached skill level 5 in Spellcasting
  3154 | D:3      | Reached XP level 5. HP: 19/35 MP: 0/0
  3154 | D:3      | Learned a level 2 spell: Static Discharge
  3154 | D:3      | Reached XP level 6. HP: 22/40 MP: 0/0
  4128 | D:4      | Reached skill level 6 in Spellcasting
  4141 | D:4      | Reached XP level 7. HP: 29/45 MP: 0/0
  4141 | D:4      | Learned a level 3 spell: Inner Flame
  4244 | D:4      | Quit the game

Illustrated notes

Levels and vault maps discovered:
D:1:      co_arrival_square_in_a_square_in_a_square, layout_basic, serial_shops,
          nicolae_shop_competitors_out_of_business, serial_corexii_hall,
          corexii_hall_statues_u, chequers_hall_statues_corner_a,
          chequers_hall_statues_y, chequers_hall_statues_corner_a,
          corexii_hall_statues_i, chequers_hall_statues_wall_a
D:2:      layout_rooms
D:3:      layout_loops_ring, shapermc_ecumenical_altar_mp_vishouse, uniq_sigmund
D:4:      layout_rooms, nicolae_ru_awakened_eye,
          minmay_temple_entry_glassed_door, serial_shops, nicolae_stop_n_shop_1

Skill      XL: |  1  2  3  4  5  6 |
---------------+-------------------+-----
Spellcasting   | 4 5 6 |  6.1
Dodging        | |  2.1
Stealth        | |  1.5

Action                   |  1- 3 |  4- 6 |  7- 9 || total
-------------------------+-------+-------+-------++-------
Melee: Unarmed           |     1 |       |       ||     1
 Cast: Freeze            |    24 |     2 |       ||    26
       Magic Dart        |    30 |    71 |       ||   101
       Ozocubu's Armour  |       |     4 |       ||     4
       Frozen Ramparts   |       |     3 |       ||     3
       Static Discharge  |       |     5 |       ||     5
       Hailstorm         |       |     2 |       ||     2
  Use: Scroll            |     2 |     2 |       ||     4
       Potion            |       |     1 |       ||     1
Armor: Robe              |     1 |     1 |       ||     2
Dodge: Dodged            |    15 |     7 |       ||    22

Table legend: (Time is in decaauts)
 A = Elapsed time spent in this place.
 B = Non-inter-level travel time spent in this place.
 C = Inter-level travel time spent in this place.
 D = Time resting spent in this place.
 E = Time spent auto-exploring this place.
 F = Levels seen in this place.
 G = Mean time per level.
                   A        B        C        D        E       F      G
               +--------+--------+--------+--------+--------+-----+--------+
         Total |   4245 |   4169 |     76 |   1458 |   2252 |   4 | 1061.2 |
       Dungeon |   4245 |   4169 |     76 |   1458 |   2252 |   4 | 1061.2 |
               +--------+--------+--------+--------+--------+-----+--------+

Top non-repeatable levels by time:
     D:1: 1502 daAuts
     D:3: 1297 daAuts
     D:2: 1107 daAuts
     D:4: 337 daAuts
